 Dungeon Crawl Stone Soup version 0.17-a0-1545-gc1bb672 (webtiles) character file.

36 urechis the Skirmisher (level 3, 0/24 HPs)
             Began as a Gargoyle Fighter on July 18, 2015.
             Slain by a gnoll
             ... wielding a +1 dagger of chaos
              (4 damage)
             ... on level 2 of the Dungeon.
             The game lasted 00:01:42 (1208 turns).

urechis the Skirmisher (Gargoyle Fighter)           Turns: 1208, Time: 00:01:43

Health: 0/24       AC: 11    Str: 20    XL:     3   Next: 37%
Magic:  3/3        EV:  7    Int:  8    God:
Gold:   68         SH:  9    Dex:  9    Spells: 0 memorised, 2 levels left

rFire  . . .     SeeInvis .     q - -2 whip (curse)
rCold  . . .     Clarity  .     b - +0 scale mail
rNeg   + . .     SustAt   .     c - +0 shield
rPois  ∞         Gourm    .     (no helmet)
rElec  +         Spirit   .     (no cloak)
rCorr  .         Warding  .     o - +0 pair of gloves
rMut   .         Stasis   .     (no boots)
MR     +....                    (no amulet)
Stlth  ..........               (no ring)
                                l - ring of protection from magic

@: somewhat resistant to hostile enchantments, extremely unstealthy
A: negative energy resistance 1, electricity resistance, unbreathing,
petrification resistance, rot immunity, AC +3
a: no special abilities


You were on level 2 of the Dungeon.
You were very hungry.

You visited 1 branch of the dungeon, and saw 2 of its levels.

You collected 68 gold pieces.

Inventory:

Hand weapons
 a - a +0 flail
 q - a cursed -2 whip (weapon)
Armour
 b - a +0 scale mail (worn)
 c - a +0 shield (worn)
 o - a +0 pair of gloves (worn)
Jewellery
 l - a ring of protection from magic (left hand)
Scrolls
 f - 4 scrolls of identify {unknown}
 h - 2 scrolls of remove curse {unknown}
 p - 2 scrolls of magic mapping {unknown}
 r - a scroll of teleportation {unknown}
Potions
 d - 2 potions of might
 g - a potion of invisibility {unknown}
 i - a potion of heal wounds {unknown}
 k - 2 potions of ambrosia {unknown}
 m - a potion of resistance {unknown}
 n - a potion of lignification {unknown}
Comestibles
 e - 3 bread rations
 j - 2 meat rations


   Skills:
 + Level 4.2 Fighting
 + Level 2.8 Maces & Flails
 - Level 3.2 Armour
 - Level 3.2 Shields


You had 2 spell levels left.
You didn't know any spells.

Dungeon Overview and Level Annotations

Branches:
Dungeon (2/15)

Altars:


Innate Abilities, Weirdness & Mutations

You are resistant to torment.
Your stone body is resilient (AC +3).
You are immune to poison.
You resist negative energy.
You are resistant to electric shocks.
You can survive without breathing.
You are immune to petrification.
You are immune to rotting.


Message History

The goblin shouts!
The gnoll barely misses you. The gnoll hits you but does no damage.
You completely miss the goblin. The gnoll barely misses you.
You block the gnoll's attack. x2
The goblin hits you with a club. You block the gnoll's attack.
The gnoll completely misses you. The gnoll hits you but does no damage.
The goblin hits you with a club.
The gnoll hits you from afar with a spear of chaos.
* * * LOW HITPOINT WARNING * * *
The gnoll burns you.
* * * LOW HITPOINT WARNING * * *
The gnoll hits you but does no damage. The gnoll completely misses you.
The goblin barely misses you.
You feel yourself speed up. You block the gnoll's attack.
You block the goblin's attack. You block the gnoll's attack.
You hit the gnoll but do no damage.
The gnoll is moderately wounded.
The gnoll hits you with a dagger of chaos.
You die...

#........# #..####...#.#
#........# ###.## ##..#.#
#.......(# ###...#
#...#.# ##........##
#...### #..##.#
##........<#####.###
#...#.#.
########.#.##....#
#####.#....≈ #
#......#### #.........#.
.
#.#....########.#.###.#.#
#. ##..###...@ggg.....#
#...# #.#
###.........##g.....##
###.#
#.###...######.....######
.# #..#..#######....... #
#...##.......#.###..
##......# #####.# #..
........# #. #..
.##.###..... .. #.# ....#
####.


You could see 3 gnolls and a goblin.

Vanquished Creatures
  An ooze (D:2)
  A giant gecko (D:1)
  3 hobgoblins
  4 jackals (D:2)
  3 bats
  2 giant newts (D:1)
  4 goblins
  11 kobolds
  2 rats
31 creatures vanquished.

Notes
Turn   | Place    | Note
--------------------------------------------------------------
     0 | D:1      | urechis the Gargoyle Fighter began the quest for the Orb.
     0 | D:1      | Reached XP level 1. HP: 14/14 MP: 1/1
   254 | D:1      | Reached XP level 2. HP: 19/19 MP: 2/2
   771 | D:1      | Reached skill level 4 in Fighting
   984 | D:2      | Reached XP level 3. HP: 18/24 MP: 3/3
  1193 | D:2      | Paralysed by a gnoll for 3 turns
  1208 | D:2      | Slain by a gnoll

Vault maps used:
D:1:      minmay_arrival_hallway
D:2:      tgw_xom, first_bread

Action                   || total
-------------------------++-------
Melee: Flail             ||    95
       Whip              ||    17
